[Event "Titled Tuesday Blitz April 12 Early 2022"]
[White "Weetik, Vjacheslav"]
[Black "Pesotskiy, Mikhail"]
[WhiteFideId "4153472"]
[BlackFideId "34164453"]
[WhiteElo "2469"]
[BlackElo "2010"]
[Result "1/2-1/2"]
[Round "06"]
[TimeControl "180+1"]
[Date "2022.04.13"]
[WhiteClock "0:00:09"]
[BlackClock "0:00:18"]

1. d4 Nf6 2. Nf3 c5 3. d5 b5 4. Bg5 Qb6 5. c4 Ne4 6. Nbd2 Nxg5 7. Nxg5 g6 8. cxb5 Qxb5 9. e4 Qxb2 10. Rb1 Qc3 11. Rb3 Qa5 12. e5 Bg7 13. e6 dxe6 14. dxe6 f6 15. Qf3 O-O 16. Qxa8 Na6 17. Nf3 Bxe6 18. Qxa7 Bxb3 19. Qxa6 Qxa6 20. Bxa6 Bxa2 21. Bc4+ Bxc4 22. Nxc4 e5 23. O-O e4 24. Nfd2 f5 25. Rc1 Bd4 26. Kf1 Rb8 27. Rc2 Ra8 28. Ke2 Ra1 29. f3 Rg1 30. fxe4 fxe4 31. Nxe4 Rxg2+ 32. Kd3 Rxc2 33. Kxc2 Kg7 34. Kd3 Kh6 35. Ke2 Kh5 36. Kf3 Kh6 37. Kg4 Kg7 38. h3 h5+ 39. Kg5 Kh7 40. Ncd6 Kg7 41. Nc4 Kh7 42. h4 Kg7 43. Kf4 Kh6 44. Ncd2 Kg7 45. Nf3 Kf7 46. Nxd4 cxd4 47. Ng5+ Kf6 48. Ke4 d3 49. Kxd3 Kf5 50. Ke3 Kg4 51. Nf3 Kg3 52. Ke4 Kg4 53. Ke3 Kg3 54. Ke2 Kg2 55. Ne5 Kg3 56. Nxg6 Kg4 57. Ke3 Kf5 58. Nf4 Kg4 59. Ng2 Kg3 60. Ke4 Kxg2 61. Kf5 Kf3 62. Kg5 Ke4 63. Kxh5 Kf5 64. Kh6 Kf6 65. Kh5 Kf7 66. Kh6 Kg8 67. Kg6 Kh8 68. h5 Kg8 69. h6 Kh8 70. Kg5 Kh7 71. Kh5 Kh8 72. Kg6 Kg8 73. h7+ Kh8 74. Kh6 1/2-1/2


[Site "https://www.chess.com"]

[Event "Titled Tuesday Blitz April 12 Early 2022"]
[White "Winkels, Marcel"]
[Black "Khamdamova, Afruza"]
[WhiteFideId "1003887"]
[BlackFideId "14210444"]
[WhiteElo "1900"]
[BlackElo "1660"]
[Result "0-1"]
[Round "06"]
[TimeControl "180+1"]
[Date "2022.04.13"]
[WhiteClock "0:01:10"]
[BlackClock "0:01:37"]

1. e4 e5 2. Nf3 Nf6 3. d4 Nxe4 4. Bd3 d5 5. Nxe5 Bd6 6. Nf3 O-O 7. O-O Bg4 8. h3 Bh5 9. c4 c6 10. Nc3 Nf6 11. Bg5 dxc4 12. Bxc4 h6 13. Bh4 Nbd7 14. Re1 Qb6 15. Qd3 Bxf3 16. Qxf3 Qxd4 17. Bb3 Qxh4 18. Rad1 Bc7 19. Qf5 Qf4 20. Qxf4 Bxf4 21. g3 Bc7 22. a4 Nc5 23. Bc2 Rad8 24. b4 Ne6 25. Bb3 Rxd1 26. Rxd1 Rd8 27. Re1 Nd4 28. Bd1 Re8 29. Kf1 Rxe1+ 30. Kxe1 Bd6 31. b5 cxb5 32. axb5 Bb4 33. Kd2 Nd5 34. Kd3 Bxc3 35. f4 Nxb5 36. Kc4 Nbc7 37. Bf3 b5+ 38. Kc5 b4 39. Kc4 a5 40. Kb3 Nb6 41. Bc6 Ne6 42. f5 Nd4+ 43. Ka2 Nxc6 44. g4 a4 45. h4 b3+ 46. Kb1 a3 0-1


[Site "https://www.chess.com"]

[Event "Titled Tuesday Blitz April 12 Early 2022"]
[White "Yanayt, Eugene"]
[Black "Ianov, Viktor"]
[WhiteFideId "2020165"]
[BlackFideId "14102730"]
[WhiteElo "2046"]
[BlackElo "2161"]
[Result "0-1"]
[Round "06"]
[TimeControl "180+1"]
[Date "2022.04.13"]
[WhiteClock "0:00:02"]
[BlackClock "0:00:53"]

1. d4 d6 2. Nf3 g6 3. c4 Bg7 4. Nc3 Bg4 5. e4 Nc6 6. Be3 e5 7. d5 Nd4 8. h3 Bxf3 9. gxf3 c5 10. f4 Nf6 11. fxe5 dxe5 12. Qa4+ Kf8 13. O-O-O a6 14. Qa3 Qe7 15. f4 Nh5 16. f5 Nf4 17. Kb1 Bf6 18. Bxf4 exf4 19. Bg2 Kg7 20. e5 Bxe5 21. fxg6 hxg6 22. Rhe1 Rhe8 23. Ne4 Rac8 24. d6 Bxd6 25. Qd3 Be5 26. a3 b6 27. Nc3 Qd6 28. Nd5 Bf6 29. Rf1 g5 30. Be4 b5 31. cxb5 c4 32. Qd2 Rxe4 33. Nxf6 Qxf6 34. Rg1 axb5 35. h4 Rc5 36. hxg5 Rxg5 37. Qh2 Nf3 38. Rxg5+ Qxg5 39. Qh1 Qg3 40. Rd5 Re1+ 0-1


[Site "https://www.chess.com"]

[Event "Titled Tuesday Blitz April 12 Early 2022"]
[White "Zia, Tahsin Tajwar"]
[Black "Johnson, Ben"]
[WhiteFideId "10211888"]
[BlackFideId "2010917"]
[WhiteElo "1800"]
[BlackElo "2134"]
[Result "1-0"]
[Round "06"]
[TimeControl "180+1"]
[Date "2022.04.13"]
[WhiteClock "0:00:54"]
[BlackClock "0:00:03"]

1. e4 c5 2. Nf3 Nc6 3. Bc4 g6 4. O-O Bg7 5. c3 e5 6. d4 cxd4 7. Qb3 Na5 8. Bxf7+ Kf8 9. Qd5 Ne7 10. Qd6 Kxf7 11. Ng5+ Ke8 12. f4 Qb6 13. fxe5 dxc3+ 14. Qxb6 axb6 15. Nxc3 Bxe5 16. Nf7 Bd4+ 17. Kh1 Nac6 18. Nb5 Ra5 19. Nbd6+ Kf8 20. Bh6+ Bg7 21. Ne5+ Kg8 22. Nxc6 bxc6 23. Bxg7 Kxg7 24. Rf7+ Kh6 25. Rxe7 Ba6 26. Nf7+ Kg7 27. Nxh8+ Kxh8 28. Rxd7 Re5 29. Ra7 Bd3 30. Rd1 Rxe4 31. h3 Bc4 32. Rd8+ Bg8 33. Raa8 1-0


[Site "https://www.chess.com"]

[Event "Titled Tuesday Blitz April 12 Early 2022"]
[White "parintele_chess"]
[Black "De Souza, Cristiano Gomes"]
[BlackFideId "2151758"]
[WhiteElo "2251"]
[BlackElo "2068"]
[Result "1/2-1/2"]
[Round "06"]
[TimeControl "180+1"]
[Date "2022.04.13"]
[WhiteClock "0:00:10"]
[BlackClock "0:01:24"]

1. d4 Nf6 2. Bf4 d6 3. Nc3 g6 4. e4 Bg7 5. Bc4 O-O 6. Nf3 c6 7. a4 Nxe4 8. Nxe4 d5 9. Bd3 dxe4 10. Bxe4 Nd7 11. O-O Nf6 12. Bd3 Bg4 13. c3 Qd5 14. h3 Bxf3 15. Qxf3 Qxf3 16. gxf3 Nd5 17. Bd2 Rfe8 18. c4 Nc7 19. Bc3 Rad8 20. Rfe1 Bxd4 21. Rad1 Bxc3 22. bxc3 Ne6 23. Be4 Rxd1 24. Rxd1 Rd8 25. Rb1 Nc5 26. a5 Rd2 27. a6 Nxa6 28. Rxb7 Nc5 29. Rxa7 Nxe4 30. fxe4 Re2 31. Rxe7 Kf8 32. Rc7 Rxe4 33. Rxc6 h5 34. Rc7 Kg7 35. Kf1 Re6 36. c5 Kf6 37. Rb7 Re5 38. Rb5 Ke6 39. c4 Re4 40. Rb6+ Ke7 41. Rb7+ Ke6 42. Rb6+ Ke7 43. Rb4 Re5 44. c6 Rc5 45. Rb7+ Ke6 46. Rb4 Rxc6 47. Ke2 Kf5 48. Ke3 Kg5 49. Kd4 Kh4 50. Rb3 Rf6 51. c5 Rxf2 52. c6 Rd2+ 53. Rd3 Rc2 54. Rc3 Rd2+ 55. Ke5 Rd8 56. c7 Rc8 57. Kf6 g5 58. Kxf7 g4 59. hxg4 hxg4 60. Ke7 g3 61. Kd7 Rxc7+ 62. Kxc7 g2 63. Rc1 Kg3 64. Kd6 Kh2 65. Rc2 Kh1 66. Rc4 g1=Q 67. Rh4+ Kg2 68. Rg4+ Kf2 69. Rxg1 Kxg1 1/2-1/2


[Site "https://www.chess.com"]

[Event "Titled Tuesday Blitz April 12 Early 2022"]
[White "Adelman, Charles"]
[Black "Ljukin, Sergei"]
[WhiteFideId "2003597"]
[BlackFideId "14102200"]
[WhiteElo "2355"]
[BlackElo "2312"]
[Result "0-1"]
[Round "07"]
[TimeControl "180+1"]
[Date "2022.04.13"]
[WhiteClock "0:00:01"]
[BlackClock "0:00:01"]

1. Nf3 d5 2. b3 c5 3. e3 Nc6 4. Bb2 f6 5. d4 e6 6. Nbd2 cxd4 7. Nxd4 e5 8. Nxc6 bxc6 9. c4 Bd6 10. cxd5 cxd5 11. Bb5+ Bd7 12. Bxd7+ Qxd7 13. O-O Ne7 14. Rc1 O-O 15. Qe2 e4 16. Qa6 Be5 17. Ba3 Rfe8 18. Rc2 f5 19. Rfc1 f4 20. Bxe7 Qxe7 21. Qc6 Rad8 22. Nf1 f3 23. gxf3 exf3 24. Rd1 Qf7 25. Rc5 Rd6 26. Qb5 Red8 27. Qd3 h5 28. Nd2 Qf6 29. Kh1 Rf8 30. Rxd5 Bxh2 31. Rxd6 Bxd6 32. Qe4 Be5 33. Nc4 Qe6 34. Qh4 Bf6 35. Qh2 Be7 36. Rg1 Rf6 37. Qg3 Bf8 38. Ne5 Rf5 39. Nxf3 Qe4 40. Kh2 Rxf3 41. Qg5 Rxf2+ 42. Rg2 Rf3 43. Qxh5 Bd6+ 44. Kh1 Rf1# 0-1


[Site "https://www.chess.com"]

[Event "Titled Tuesday Blitz April 12 Early 2022"]
[White "Agasarov, Benik"]
[Black "Jakubowska, Anna"]
[WhiteFideId "13314823"]
[BlackFideId "1121952"]
[WhiteElo "2527"]
[BlackElo "1924"]
[Result "0-1"]
[Round "07"]
[TimeControl "180+1"]
[Date "2022.04.13"]
[WhiteClock "0:00:08"]
[BlackClock "0:00:07"]

1. d4 d5 2. Bf4 Nf6 3. e3 c5 4. c3 Nc6 5. Nf3 Bg4 6. Be2 Bxf3 7. Bxf3 e6 8. O-O Be7 9. a4 O-O 10. Na3 Rc8 11. Nc2 cxd4 12. exd4 Ne4 13. Nb4 Nxb4 14. cxb4 Bxb4 15. Qd3 Nd6 16. Rfc1 Qf6 17. Be5 Qg6 18. Qxg6 hxg6 19. b3 Nf5 20. g4 Ne7 21. a5 Nc6 22. a6 b6 23. Kg2 Nxe5 24. dxe5 Bc3 25. Ra2 Bxe5 26. Rac2 Rxc2 27. Rxc2 Rd8 28. Be2 f5 29. Bd3 Kf7 30. Kf3 Bxh2 31. Rc6 Bd6 32. Bb1 Kf6 33. b4 e5 34. b5 e4+ 35. Ke2 Ke5 36. f3 Rd7 37. gxf5 gxf5 38. Rc8 Rc7 39. Re8+ Kd4 40. fxe4 dxe4 41. Rd8 Kc5 42. Bc2 Kxb5 43. Bb3 Kc5 44. Be6 f4 45. Rh8 Re7 46. Rh5+ Kb4 47. Bf5 Bc5 48. Rh4 f3+ 49. Kf1 Kb5 50. Bxe4 Kxa6 51. Bxf3 Kb5 52. Be2+ Kc6 53. Bf3+ Kd6 54. Rh2 a5 55. Rd2+ Ke5 56. Re2+ Kd4 57. Rd2+ Kc3 58. Rd1 a4 59. Be2 a3 60. Rd3+ Kb4 61. Rd2 a2 62. Rxa2 Kc3 63. Ra1 Rf7+ 64. Ke1 g5 65. Rc1+ Kd4 66. Rc4+ Kd5 67. Rg4 Rf5 68. Bc4+ Kc6 69. Bd3 Re5+ 70. Be4+ Kb5 71. Kd2 Ka5 72. Bd3 b5 73. Rg1 Bb4+ 74. Kc2 Rc5+ 75. Kb2 Bc3+ 76. Kb3 b4 77. Bc4 Kb6 78. Rh1 Kc7 79. Rh7+ Kd6 80. Rh6+ Ke5 81. Re6+ Kf4 82. Rf6+ Rf5 83. Rg6 g4 84. Be6 Rg5 85. Rh6 g3 86. Rh4+ Ke3 87. Rh3 Kf2 88. Bd5 g2 89. Rf3+ Ke2 90. Rf5 Rxf5 91. Bxg2 Rf2 92. Bd5 Kd3 93. Bc4+ Kd4 94. Ba6 Rb2+ 95. Ka4 Ra2+ 96. Kb5 Rxa6 97. Kxa6 b3 98. Kb5 b2 99. Ka4 b1=Q 100. Ka3 Qb4+ 101. Ka2 Qb2# 0-1


[Site "https://www.chess.com"]

[Event "Titled Tuesday Blitz April 12 Early 2022"]
[White "Ahmadzada, Ahmad"]
[Black "Brodowski, Piotr"]
[WhiteFideId "13413007"]
[BlackFideId "1124480"]
[WhiteElo "2228"]
[BlackElo "2422"]
[Result "0-1"]
[Round "07"]
[TimeControl "180+1"]
[Date "2022.04.12"]
[WhiteClock "0:00:01"]
[BlackClock "0:00:22"]

1. Nf3 Nf6 2. g3 g6 3. Bg2 Bg7 4. O-O O-O 5. c4 c5 6. Nc3 Nc6 7. b3 d6 8. Bb2 e5 9. d3 Bg4 10. Nd2 Qd7 11. Nd5 Nxd5 12. cxd5 Ne7 13. a4 Bh3 14. e4 Bxg2 15. Kxg2 f5 16. f3 Bh6 17. Nc4 b6 18. f4 exf4 19. gxf4 fxe4 20. dxe4 Rxf4 21. Rxf4 Bxf4 22. Qf3 Rf8 23. Qc3 Qg4+ 24. Kh1 Be5 25. Nxe5 Qxe4+ 26. Kg1 dxe5 27. Re1 Qg4+ 28. Qg3 Qxg3+ 29. hxg3 Nxd5 30. Rxe5 Rd8 31. Re6 Kf7 32. Re2 Re8 33. Rf2+ Ke6 34. Rd2 Nb4 35. Re2+ Kd7 36. Rf2 Re7 37. Kg2 Kc6 38. Rf6+ Kd5 39. Rf2 Re3 40. Rd2+ Rd3 41. Re2 Rxb3 0-1


[Site "https://www.chess.com"]

[Event "Titled Tuesday Blitz April 12 Early 2022"]
[White "Alinasab, Mobina"]
[Black "Yeletsky, Ivan"]
[WhiteFideId "12528897"]
[BlackFideId "24180327"]
[WhiteElo "2031"]
[BlackElo "2319"]
[Result "1-0"]
[Round "07"]
[TimeControl "180+1"]
[Date "2022.04.13"]
[WhiteClock "0:00:05"]
[BlackClock "0:00:02"]

1. e4 e6 2. d4 c5 3. Nf3 cxd4 4. Nxd4 Nf6 5. Nc3 Nc6 6. Ndb5 d6 7. Bf4 e5 8. Bg5 a6 9. Na3 b5 10. Nd5 Qa5+ 11. Bd2 Qd8 12. Bg5 Be7 13. Bxf6 Bxf6 14. c4 Nd4 15. cxb5 Bg5 16. Bd3 Be6 17. O-O O-O 18. bxa6 Bxd5 19. exd5 f5 20. Bc4 f4 21. f3 Qb6 22. Kh1 Qxb2 23. Nb5 Nxb5 24. Rb1 Qa3 25. Bxb5 h6 26. Qb3 Qa5 27. Rfc1 e4 28. Qb4 Rxa6 29. Bxa6 Qxa6 30. Qxe4 Bf6 31. a4 Be5 32. Qc4 Qa7 33. Qc6 Ra8 34. Rc4 Kh7 35. h3 Rf8 36. Re4 Qf2 37. a5 Rf6 38. Qc4 Rg6 39. Re2 Qh4 40. Qd3 Qd8 41. a6 Qa5 42. Kh2 h5 43. Rb7 Kh6 44. a7 Qa1 45. Qb1 Qa6 46. Qb5 Qa1 47. Qb1 Qa6 48. Rc2 Bd4 49. Rc8 Qe2 50. Qxg6+ Kxg6 51. a8=Q Bg1+ 52. Kh1 Qe1 53. Rxg7+ Kxg7 54. Qb7+ Kf6 55. Rf8+ Kg5 56. Qg7+ Kh4 57. Qf6+ Kg3 58. Qxf4+ Kf2 59. Qh4+ Kf1 60. Qxe1+ Kxe1 61. Kxg1 1-0


[Site "https://www.chess.com"]

[Event "Titled Tuesday Blitz April 12 Early 2022"]
[White "Allahverdiyeva, Ayan"]
[Black "Blokhin, Sofia"]
[WhiteFideId "13412590"]
[BlackFideId "4508190"]
[WhiteElo "1910"]
[BlackElo "1764"]
[Result "1-0"]
[Round "07"]
[TimeControl "180+1"]
[Date "2022.04.13"]
[WhiteClock "0:00:39"]
[BlackClock "0:00:03"]

1. e4 c5 2. Nf3 e6 3. c3 d5 4. e5 d4 5. cxd4 cxd4 6. Bd3 Nc6 7. a3 Be7 8. Qe2 g5 9. h3 h5 10. b4 a6 11. Bb2 Nh6 12. g4 h4 13. Qe4 f5 14. exf6 Bxf6 15. Qg6+ Nf7 16. O-O Qe7 17. Re1 Bd7 18. a4 e5 19. b5 Nb4 20. Bf5 Bxf5 21. Qxf5 d3 22. Bc3 Nd5 23. Qxd3 Nxc3 24. Nxc3 O-O 25. Qg6+ Bg7 26. Ne4 axb5 27. Nexg5 Nxg5 28. Nxg5 Rf4 29. axb5 Rxa1 30. Rxa1 Qc5 31. Ra8+ Rf8 32. Qh7# 1-0


[Site "https://www.chess.com"]

[Event "Titled Tuesday Blitz April 12 Early 2022"]
[White "Andreikin, Dmitry"]
[Black "Taspinar, Yanki"]
[WhiteFideId "4158814"]
[BlackFideId "34561188"]
[WhiteElo "2736"]
[BlackElo "1518"]
[Result "1-0"]
[Round "07"]
[TimeControl "180+1"]
[Date "2022.04.12"]
[WhiteClock "0:02:03"]
[BlackClock "0:01:03"]

1. e4 e5 2. Nf3 Nc6 3. Bb5 a6 4. Ba4 Nf6 5. O-O Be7 6. Bxc6 dxc6 7. d3 Nd7 8. Nbd2 O-O 9. Nc4 Bd6 10. b3 b5 11. Ne3 c5 12. a4 Bb7 13. Nf5 Re8 14. Ng5 h6 15. Nxf7 Kxf7 16. Qh5+ Kg8 17. Bxh6 Bf8 18. Bg5 Nf6 19. Qg6 Qd7 20. Bxf6 Re6 21. Nh6+ Kh8 22. Nf7+ Kg8 23. Ng5 Bd6 24. Qh7+ Kf8 25. Qh8# 1-0


[Site "https://www.chess.com"]

[Event "Titled Tuesday Blitz April 12 Early 2022"]
[White "Araujo Filho, Luiz Antonio Coel"]
[Black "Steil-Antoni, Fiona"]
[WhiteFideId "2130661"]
[BlackFideId "4001249"]
[WhiteElo "2312"]
[BlackElo "2059"]
[Result "1-0"]
[Round "07"]
[TimeControl "180+1"]
[Date "2022.04.13"]
[WhiteClock "0:00:34"]
[BlackClock "0:01:06"]

1. d4 d6 2. c4 Nd7 3. Nc3 e5 4. e3 f5 5. b3 Ngf6 6. Bb2 Be7 7. Qc2 Nf8 8. O-O-O Bd7 9. dxe5 dxe5 10. Nd5 c6 11. Nxe7 Qxe7 12. Nf3 Ng6 13. h4 e4 14. h5 exf3 15. hxg6 fxg2 16. Bxg2 O-O-O 17. gxh7 Nxh7 18. Qc3 Nf6 19. Qa5 Kb8 20. Ba3 Rxh1 21. Bxh1 Qe8 22. Bd6+ Ka8 23. Bc5 1-0


[Site "https://www.chess.com"]

[Event "Titled Tuesday Blitz April 12 Early 2022"]
[White "Aslanov, Umid"]
[Black "Kamsky, Gata"]
[WhiteFideId "13412620"]
[BlackFideId "2000024"]
[WhiteElo "1796"]
[BlackElo "2645"]
[Result "0-1"]
[Round "07"]
[TimeControl "180+1"]
[Date "2022.04.13"]
[WhiteClock "0:00:20"]
[BlackClock "0:01:19"]

1. e4 e5 2. Nf3 Nc6 3. Bc4 Nf6 4. d3 h6 5. O-O d6 6. c3 g6 7. Re1 Bg7 8. d4 O-O 9. Nbd2 Re8 10. h3 exd4 11. cxd4 d5 12. exd5 Rxe1+ 13. Qxe1 Nb4 14. Bb3 Nbxd5 15. Ne4 Nxe4 16. Qxe4 c6 17. Bd2 Bf5 18. Qe2 Be6 19. Re1 Nc7 20. Bc2 Bd5 21. Bc3 Ne6 22. Ne5 Nf4 23. Qg4 Nxg2 24. Nxf7 Qf6 25. Ne5 Nxe1 26. Bxe1 Qg5 27. Qxg5 hxg5 28. Bc3 Bxe5 29. dxe5 Kf7 30. b3 Be6 31. Kg2 Rh8 32. Bd2 Bxh3+ 33. Kg3 Bf5 34. Bd1 Rd8 0-1


[Site "https://www.chess.com"]

[Event "Titled Tuesday Blitz April 12 Early 2022"]
[White "Avazkhonov, Alikhon"]
[Black "Skliarov, Viktor"]
[WhiteFideId "14208504"]
[BlackFideId "14106736"]
[WhiteElo "1739"]
[BlackElo "2229"]
[Result "0-1"]
[Round "07"]
[TimeControl "180+1"]
[Date "2022.04.13"]
[WhiteClock "0:00:02"]
[BlackClock "0:00:31"]

1. f4 e5 2. fxe5 d6 3. exd6 Bxd6 4. Nf3 g5 5. g3 g4 6. Nh4 Ne7 7. Nc3 Ng6 8. Nxg6 hxg6 9. Ne4 f5 10. Nxd6+ Qxd6 11. d3 Qc6 12. e4 fxe4 13. Bg2 Bf5 14. dxe4 Nd7 15. Bg5 Nc5 16. Qd4 O-O 17. Bd2 Rad8 18. Qc4+ Be6 19. Qe2 Qb6 20. O-O-O Na4 21. b3 Qd4 22. c3 Nxc3 23. Bxc3 Qxc3+ 24. Qc2 Qxc2+ 25. Kxc2 Rf2+ 26. Kc3 Rxd1 27. Rxd1 Rxg2 28. Rd8+ Kf7 29. Rb8 b6 0-1


[Site "https://www.chess.com"]

[Event "Titled Tuesday Blitz April 12 Early 2022"]
[White "Avramidou, Anastasia"]
[Black "Mirzoev, Azer"]
[WhiteFideId "4239873"]
[BlackFideId "13400304"]
[WhiteElo "2183"]
[BlackElo "2525"]
[Result "0-1"]
[Round "07"]
[TimeControl "180+1"]
[Date "2022.04.13"]
[WhiteClock "0:00:03"]
[BlackClock "0:00:19"]

1. d4 d5 2. c4 e6 3. Nc3 c6 4. e3 f5 5. b3 Nf6 6. Bd3 Bd6 7. Nge2 O-O 8. Qc2 Na6 9. a3 Ne4 10. Bb2 Qh4 11. g3 Qh6 12. Nf4 Bd7 13. c5 Bb8 14. O-O-O Nc7 15. f3 Nf6 16. Kb1 b6 17. Nce2 bxc5 18. Qxc5 Nce8 19. Qc2 a5 20. h4 Bd6 21. Ng2 Rb8 22. Nef4 Nh5 23. Nxh5 Qxh5 24. g4 Qf7 25. Nf4 Qe7 26. Ka2 e5 27. dxe5 Bxe5 28. gxf5 Bxb2 29. Qxb2 Qxe3 30. Ne6 Bxe6 31. fxe6 Qxe6 32. Rhe1 Qf6 33. Qc2 Qh6 34. Bf5 Kh8 35. Re6 Qxh4 36. Rxc6 Nf6 37. Bd3 Qf4 38. Rc5 a4 39. b4 Qxf3 40. Qxa4 Ne4 41. Bxe4 dxe4 42. Rdc1 h6 43. Qc2 e3 44. Qc3 Rbe8 45. Rc7 Rf7 46. Rxf7 Qxf7+ 47. Kb2 e2 48. Re1 Qf2 49. a4 Re3 50. Qd2 Qf3 51. a5 Rb3+ 52. Kc2 Ra3 53. Kb2 Qb3+ 0-1


[Site "https://www.chess.com"]

[Event "Titled Tuesday Blitz April 12 Early 2022"]
[White "Bach, Ngoc Thuy Duong"]
[Black "Karas, Marek"]
[WhiteFideId "12408956"]
[BlackFideId "14928558"]
[WhiteElo "1862"]
[BlackElo "2271"]
[Result "1-0"]
[Round "07"]
[TimeControl "180+1"]
[Date "2022.04.13"]
[WhiteClock "0:00:08"]
[BlackClock "0:00:04"]

1. d4 Nf6 2. c4 g6 3. Nc3 Bg7 4. e4 d6 5. Nf3 O-O 6. Be2 Bg4 7. Ng1 Bxe2 8. Ngxe2 c5 9. dxc5 dxc5 10. Be3 b6 11. O-O Nc6 12. Qc1 Ng4 13. Rd1 Qc8 14. h3 Nxe3 15. Qxe3 e6 16. Rac1 Nd4 17. e5 Nf5 18. Qe4 Rd8 19. Rxd8+ Qxd8 20. Rd1 Qe8 21. g4 Ne7 22. Nb5 Rd8 23. Rd6 Rxd6 24. Nxd6 Qc6 25. Qf4 f6 26. exf6 Bxf6 27. Qxf6 Qxd6 28. Nc3 Nc6 29. Nb5 Qd1+ 30. Kg2 Qd7 31. Nc3 Nd4 32. Ne4 Qf7 33. Qd8+ Kg7 34. Ng5 Qb7+ 35. f3 h6 36. Ne4 Qf7 37. Nd2 Qf4 38. Qd7+ Qf7 39. Qd6 g5 40. b4 Qf4 41. Qxf4 gxf4 42. bxc5 bxc5 43. Ne4 Nc2 44. Nxc5 Kf6 45. Nd3 e5 46. Kf2 Nd4 47. h4 Ke6 48. h5 Kf6 49. c5 Ke6 50. Nb4 a5 51. Nd3 Nc6 52. a4 Kf6 53. Ke2 Ke6 54. Kf2 Kd5 55. g5 hxg5 56. h6 Ne7 57. h7 Ng6 58. c6 Kd6 59. Nxe5 Nh8 60. Ke2 Kc7 61. Kd3 Kd6 62. Ke4 Kc7 63. Kf5 Kd6 64. Kxg5 Kd5 65. Kf5 Kd6 66. Kxf4 Kc7 67. Kf5 Kd6 68. f4 Kc7 69. Ke6 Kb6 70. f5 Kc7 71. f6 1-0


[Site "https://www.chess.com"]

[Event "Titled Tuesday Blitz April 12 Early 2022"]
[White "Baches Garcia, Guillermo"]
[Black "Prohorov, Olexandr"]
[WhiteFideId "2209764"]
[BlackFideId "14105578"]
[WhiteElo "2484"]
[BlackElo "1993"]
[Result "1-0"]
[Round "07"]
[TimeControl "180+1"]
[Date "2022.04.13"]
[WhiteClock "0:00:10"]
[BlackClock "0:00:01"]

1. e4 c5 2. Nf3 e6 3. c4 Nc6 4. Nc3 Nge7 5. Be2 d6 6. O-O a6 7. a3 Qc7 8. b4 cxb4 9. axb4 Nxb4 10. d4 Ng6 11. Qa4+ Nc6 12. d5 Bd7 13. dxc6 Bxc6 14. Qc2 Rc8 15. Nd4 Be7 16. Be3 Bd7 17. Rab1 O-O 18. Rfc1 Ne5 19. Qb3 Rb8 20. f4 Ng6 21. Na4 e5 22. fxe5 dxe5 23. Nf5 Bxa4 24. Qxa4 Bc5 25. Qb3 Nf4 26. Bf1 g6 27. Nh6+ Kg7 28. Ng4 h5 29. Nf2 Rfd8 30. Rd1 Rxd1 31. Rxd1 Ne6 32. Bxc5 Nxc5 33. Qb2 b6 34. Qd2 Ne6 35. h3 a5 36. Rb1 f6 37. Qd5 a4 38. Qxe6 a3 39. Ra1 Qc5 40. Qd5 Qb4 41. Qd3 Ra8 42. Ra2 Qc5 43. Qc2 g5 44. Kh2 g4 45. hxg4 hxg4 46. g3 Rh8+ 47. Kg2 Qe3 48. Qe2 Qd4 49. Qxg4+ Kf7 50. Qf3 Rg8 51. Ng4 Qd6 52. Rf2 Rg6 53. Ne3 a2 54. Rxa2 Qd4 55. Rf2 b5 56. cxb5 Qb6 57. Nd5 Qd6 58. b6 1-0


[Site "https://www.chess.com"]

[Event "Titled Tuesday Blitz April 12 Early 2022"]
[White "Bachmann, Axel"]
[Black "Fathy, Elameir"]
[WhiteFideId "3700488"]
[BlackFideId "10600396"]
[WhiteElo "2587"]
[BlackElo "2311"]
[Result "0-1"]
[Round "07"]
[TimeControl "180+1"]
[Date "2022.04.13"]
[WhiteClock "0:00:05"]
[BlackClock "0:00:04"]

1. d4 d5 2. Nf3 Nf6 3. g3 Bf5 4. c4 c6 5. Nc3 e6 6. Nh4 dxc4 7. Nxf5 exf5 8. e3 Bd6 9. Bxc4 O-O 10. Qc2 g6 11. Bf1 Nbd7 12. Bg2 Qe7 13. O-O Rac8 14. Rb1 a6 15. a3 Nb6 16. b4 Nbd5 17. Bd2 Rfe8 18. Rfc1 Kg7 19. Qb2 Ne4 20. Be1 h5 21. Nxd5 cxd5 22. Qb3 Qe6 23. a4 Rc4 24. Bf1 b5 25. Bxc4 dxc4 26. Qc2 h4 27. Ra1 Qd5 28. axb5 axb5 29. Ra7 hxg3 30. hxg3 Rh8 31. f3 Ng5 32. e4 Nxf3+ 33. Kf1 fxe4 34. Bf2 e3 35. Bxe3 Rh1+ 36. Ke2 Rh2+ 37. Bf2 Nxd4+ 38. Kf1 Qh1+ 39. Bg1 Rxc2 40. Rxc2 Nxc2 41. Ra2 Qf3+ 42. Bf2 Ne3+ 43. Ke1 Qd1# 0-1


[Site "https://www.chess.com"]

[Event "Titled Tuesday Blitz April 12 Early 2022"]
[White "Barria Zuniga, Daniel"]
[Black "Fernandez Siles, Luis"]
[WhiteFideId "3400816"]
[BlackFideId "2209420"]
[WhiteElo "2414"]
[BlackElo "2212"]
[Result "1-0"]
[Round "07"]
[TimeControl "180+1"]
[Date "2022.04.13"]
[WhiteClock "0:00:54"]
[BlackClock "0:00:02"]

1. d4 Nf6 2. c4 g6 3. Nc3 Bg7 4. e4 d6 5. Be2 O-O 6. Nf3 c5 7. d5 e6 8. Nd2 Na6 9. O-O Nc7 10. dxe6 Nxe6 11. Nb3 Ne8 12. Be3 f5 13. exf5 gxf5 14. f4 Bd7 15. Qd2 Bc6 16. Rad1 Qh4 17. Bf3 Kh8 18. g3 Qf6 19. Qg2 Rc8 20. Rd2 a6 21. Rfd1 Qg6 22. Kf2 Rg8 23. Rxd6 Nxd6 24. Rxd6 Bxf3 25. Qxf3 Ng5 26. Qd5 Nh3+ 27. Kg2 Qh5 28. Qf3 Qg4 29. Qxg4 fxg4 30. Nxc5 Rge8 31. Ne6 Rc6 32. Rxc6 bxc6 33. f5 Bf6 34. Ne4 Be5 35. b4 h5 36. a4 Kg8 37. b5 cxb5 38. cxb5 axb5 39. axb5 Rb8 40. b6 Kf7 41. Kf1 Bc3 42. Ke2 Ba5 43. Nd6+ Kf6 44. Nc4 Bb4 45. Nd4 Ng5 46. Nc6 Rb7 47. Bxg5+ Kxg5 48. Nxb4 Kxf5 49. Nc6 Ke6 50. Nd8+ 1-0


[Site "https://www.chess.com"]

[Event "Titled Tuesday Blitz April 12 Early 2022"]
[White "Bas Mas, Jose Joaquin"]
[Black "Le Ruyet, Leopold"]
[WhiteFideId "22219064"]
[BlackFideId "645923"]
[WhiteElo "2212"]
[BlackElo "2276"]
[Result "1-0"]
[Round "07"]
[TimeControl "180+1"]
[Date "2022.04.13"]
[WhiteClock "0:00:09"]
[BlackClock "0:00:05"]

1. e4 e5 2. Nf3 Nc6 3. Bc4 Bc5 4. O-O Nf6 5. d3 a6 6. c3 Ba7 7. Re1 d6 8. Nbd2 h6 9. Nf1 Be6 10. Bxe6 fxe6 11. Qb3 Qc8 12. Be3 Bxe3 13. Nxe3 O-O 14. h3 Nh5 15. d4 Rxf3 16. gxf3 exd4 17. Ng2 Kh8 18. f4 e5 19. f5 Qd8 20. Qf7 Qg5 21. h4 Qg4 22. Qg6 Qxg6 23. fxg6 dxc3 24. bxc3 Ne7 25. Rab1 b6 26. a4 a5 27. Re3 Nxg6 28. c4 Ngf4 29. Nxf4 Nxf4 30. Kh2 Ne6 31. Rg3 Rf8 32. f3 Nc5 33. Rbg1 Rf7 34. Ra1 Kg8 35. Kg2 Kf8 36. h5 Ke7 37. Rg4 Nd3 38. Kg3 Nf4 39. Rh1 Ne2+ 40. Kf2 Nd4 41. Rg3 Nb3 42. Rhg1 Kf8 43. Ke3 Nd4 44. Rf1 Nc2+ 45. Kd2 Nd4 46. Kd3 Rf4 47. Rf2 Ne6 48. Ke3 Nc5 49. Rfg2 Rf7 50. Rg4 Nxa4 51. f4 Nb2 52. Rxb2 1-0


[Site "https://www.chess.com"]

[Event "Titled Tuesday Blitz April 12 Early 2022"]
[White "Bettalli, Francesco"]
[Black "Dronavalli, Harika"]
[WhiteFideId "2816453"]
[BlackFideId "5015197"]
[WhiteElo "2216"]
[BlackElo "2382"]
[Result "1-0"]
[Round "07"]
[TimeControl "180+1"]
[Date "2022.04.13"]
[WhiteClock "0:00:49"]
[BlackClock "0:00:50"]

1. d4 Nf6 2. Nc3 g6 3. e4 d6 4. Bf4 a6 5. Qd2 b5 6. f3 Bb7 7. O-O-O Nbd7 8. g4 h5 9. g5 Nh7 10. Nge2 Bg7 11. h4 Nhf8 12. Be3 c5 13. Bg2 Qa5 14. Kb1 Ne6 15. f4 Rc8 16. f5 Nxd4 17. Nxd4 cxd4 18. Bxd4 Bxd4 19. Qxd4 Ne5 20. f6 b4 21. Ne2 Qc5 22. Qxc5 Rxc5 23. fxe7 Kxe7 24. c3 a5 25. Rd4 Ba6 26. cxb4 axb4 27. Nf4 Rhc8 28. Nd5+ Ke8 29. Nxb4 Nc4 30. Nxa6 Rb5 31. b3 Na3+ 32. Kb2 Rc2+ 33. Kxa3 Rxg2 34. Nc7+ 1-0


[Site "https://www.chess.com"]